 Dungeon Crawl Stone Soup version 0.15-a0-809-g8e1b895 (webtiles) character file.

139 Qrupt the Chopper (level 5, -3/42 HPs)
             Began as a Hill Orc Gladiator on May 14, 2014.
             Killed from afar by Grinder (5 damage)
             ... with a wand of frost
             ... while paralysed by a potion of paralysis
             ... on Level 3 of the Dungeon.
             The game lasted 00:05:01 (3135 turns).

Qrupt the Chopper (Hill Orc Gladiator)              Turns: 3135, Time: 00:05:02

HP  -3/42        AC  4     Str 19      XL: 5   Next: 22%
MP   5/5         EV  2     Int  8      God:
Gold 99          SH  0     Dex 11      Spells:  0 memorised,  4 levels left

rFire  . . .     SeeInvis .     a - +0 war axe
rCold  . . .     Clarity  .     b - +0 leather armour
rNeg   . . .     Conserve .     (no shield)
rPois  .         rCorr    .     c - +0 helmet
rElec  .         rRot     .     (no cloak)
SustAb . .       Spirit   .     (no gloves)
rMut   .         Warding  .     (no boots)
Gourm  .         Stasis   .     (no amulet)
MR     .....                    (no ring)
                                (no ring)

@: paralysed, not resistant to hostile enchantments, very unstealthy
A: no striking features
a: no special abilities


You were on level 3 of the Dungeon.
You were hungry.

You visited 1 branch of the dungeon, and saw 3 of its levels.

You collected 99 gold pieces.

Inventory:

Hand weapons
 a - a +0,+0 war axe (weapon)
Armour
 b - a +0 leather armour (worn)
 c - a +0 helmet (worn)
Comestibles
 f - 2 meat rations
 h - 4 bread rations
Scrolls
 e - a scroll of fog {unknown}
 g - 3 scrolls of identify {unknown}
 j - a scroll of noise {unknown}
 n - a scroll of enchant weapon II {unknown}
 o - a scroll of magic mapping {unknown}
 q - a scroll of fear {unknown}
 r - a scroll of amnesia {unknown}
 u - a scroll of teleportation {unknown}
Jewellery
 m - an uncursed ring of regeneration {unknown}
 t - a +6 ring of protection {unknown}
Potions
 k - a potion of haste
 l - a potion of degeneration {unknown}
 s - a potion of brilliance {unknown}
 w - a potion of poison {unknown}


   Skills:
 - Level 2.4 Fighting
 + Level 7.6 Axes
 - Level 2.0 Throwing
 - Level 2.4 Dodging


You had 4 spell levels left.
You didn't know any spells.

Dungeon Overview and Level Annotations

Branches:
Dungeon (3/15)

Altars:

Annotations:
D:3 Grinder


Message History

Grinder zaps a wand.
The puff of frost hits you!
* * * LOW HITPOINT WARNING * * *
Throwing (i - inventory):
d - a throwing net (quivered)
Press: ? - help, Shift-Dir - straight line, f/p - Grinder
Aim: Grinder carrying a wand of frost {zapped: 7} (heavily wounded)
You throw a throwing net.
The throwing net closely misses Grinder.
Grinder gestures at you.
You barely resist.
You are too injured to fight recklessly!
You are too injured to fight recklessly!
Drink which item? (? for menu, Esc to quit)
You suddenly lose the ability to move!
It was a potion of paralysis.
You are feeling hungry.
Grinder gestures.
Grinder blinks!
Grinder zaps a wand.
The puff of frost hits you!
* * * LOW HITPOINT WARNING * * *
Grinder zaps a wand.
The puff of frost hits you!
You die...

# #.#.
#....########
#
#..........5#
. .
##....#####.#
##. # ##.#.
#.# #.. ( #
.5 #.# .. ##
##. #.# .. .
#.#####@# #.
# #......ยง#
#. #
####.##.#
#.### #.##.#
#.(<) #.##.#
###.. #.##(#
### #.#
#.##.#
#.###.#
#.##.##
###......
######.....#
###........


You could see Grinder.

Vanquished Creatures
  4 gnolls
  4 adders
  A worm (D:2)
  2 giant geckos
  An ooze (D:3)
  2 ball pythons (D:2)
  3 giant cockroaches
  2 goblins (D:1)
  5 hobgoblins
  4 jackals (D:2)
  8 kobolds
  2 quokkas (D:2)
  10 bats
  4 giant newts
  2 rats
54 creatures vanquished.

Notes
Turn   | Place    | Note
--------------------------------------------------------------
     0 | D:1      | Qrupt, the Hill Orc Gladiator, began the quest for the Orb.
     0 | D:1      | Reached XP level 1. HP: 18/18 MP: 1/1
   179 | D:1      | Reached XP level 2. HP: 11/25 MP: 2/2
   415 | D:1      | Reached skill level 5 in Axes
   861 | D:1      | Reached XP level 3. HP: 30/30 MP: 3/3
  1394 | D:2      | Reached skill level 6 in Axes
  1657 | D:2      | Reached XP level 4. HP: 27/37 MP: 4/4
  2442 | D:2      | Reached skill level 7 in Axes
  2643 | D:3      | Reached XP level 5. HP: 12/42 MP: 5/5
  3109 | D:3      | Noticed Grinder
  3133 | D:3      | Paralysed by a potion of paralysis for 4 turns
  3134 | D:3      | HP: 2/42 [Grinder/wand of frost (7)]
  3135 | D:3      | Killed from afar by Grinder

Action                   |  1- 3 |  4- 6 || total
-------------------------+-------+-------++-------
Melee: War axe           |   132 |    81 ||   213
Throw: Throwing net      |     3 |     5 ||     8
  Use: Potion            |     3 |     1 ||     4
